 Dungeon Crawl Stone Soup version 0.23-a0-490-ge7ea69a (webtiles) character file.

574 zishaf the Changer (level 7, -3/37 HPs)
             Began as a Vine Stalker Transmuter on Dec 3, 2018.
             Was a Believer of Elyvilon.
             Slain by a shadow imp (6 damage)
             ... summoned by Natasha
             ... on level 4 of the Dungeon.
             The game lasted 00:09:11 (4102 turns).

zishaf the Changer (Vine Stalker Transmuter)        Turns: 4102, Time: 00:09:12

Health: -3/37      AC:  4    Str: 12    XL:     7   Next: 34%
Magic:  0/11       EV: 12    Int: 15    God:    Elyvilon [**....]
Gold:   310        SH:  4    Dex: 15    Spells: 2/10 levels left

rFire    . . .     SeeInvis .     - Unarmed
rCold    . . .     Gourm    .   s - +0 buckler (curse)
rNeg     . . .     Faith    .   l - +0 leather armour
rPois    .         Spirit   +   (no helmet)
rElec    .         Reflect  .   p - +0 cloak
rCorr    .         Harm     .   (no gloves)
MR       .....                  (no boots)
Stlth    +.........             (no amulet)
HPRegen  0.52/turn              (no ring)
MPRegen  0.12/turn              (no ring)

@: no status effects
A: fangs 2, regeneration 1, magic shield, antimagic bite, no potion heal 3, rot
immunity
a: Lesser Healing, Heal Other, Divine Protection, Renounce Religion


You were on level 4 of the Dungeon.
You worshipped Elyvilon.
Elyvilon was pleased with you.
You were very hungry.

You visited 1 branch of the dungeon, and saw 4 of its levels.

You collected 310 gold pieces.

Inventory:

Hand Weapons
 a - a +0 hunting sling
Missiles
 g - 34 arrows
 h - 158 stones (quivered)
 i - 15 sling bullets
Armour
 l - a +0 leather armour (worn)
 p - a +0 cloak (worn)
 s - a cursed +0 buckler (worn)
 u - a +0 plate armour
 x - a +0 shield
Jewellery
 t - an uncursed ring of fire
 v - an uncursed amulet of harm
Scrolls
 b - 2 scrolls of immolation {unknown}
 c - 5 scrolls of teleportation {unknown}
 e - 3 scrolls of random uselessness {unknown}
 f - 2 scrolls of enchant weapon {unknown}
 k - 6 scrolls of identify {unknown}
 q - 4 scrolls of remove curse {unknown}
 w - a scroll of magic mapping {unknown}
Potions
 j - 3 potions of curing {unknown}
 m - a potion of haste {unknown}
 n - 2 potions of degeneration {unknown}
 o - 3 potions of agility {unknown}
Comestibles
 d - 11 rations


   Skills:
 * Level 4.0 Fighting
 + Level 2.9 Dodging
 * Level 0.8 Shields
 + Level 4.2 Unarmed Combat
 - Level 2.1 Spellcasting
 * Level 4.6 Transmutations


You had 2 spell levels left.
You knew the following spells:

 Your Spells              Type           Power        Failure   Level  Hunger
a - Beastly Appendage     Tmut           ###...       6%          1    #......
b - Sticks to Snakes      Tmut           ###.....     10%         2    ###....
c - Blade Hands           Tmut           ###.......   87%         5    ######.

Your spell library contained the following spells:

 Spells                   Type           Power        Failure   Level  Hunger
 Confusing Touch          Hex            #.....       41%         1    #......
 Spider Form              Tmut/Pois      #.........   45%         3    ###....
 Confuse                  Hex            #.......     78%         3    ###....
 Gell's Gravitas          Tloc           #.........   78%         3    ###....
 Ice Form                 Ice/Tmut       #.......     86%         4    #####..
 Petrify                  Tmut/Erth      #.......     86%         4    #####..
 Yara's Violent Unravell  Hex/Tmut       #.........   99%         5    ######.
 Metabolic Englaciation   Hex/Ice        #.........   100%        5    ######.


Dungeon Overview and Level Annotations

Branches:
Dungeon (4/15)
 Temple: D:4-7

Altars:
Elyvilon

Shops:
D:4 [

Annotations:
D:4 Natasha


Innate Abilities, Weirdness & Mutations

You have extremely sharp teeth.
Your natural rate of healing is unusually fast.
When hurt, damage is shared between your health and your magic reserves.
Your bite disrupts and absorbs the magic of your enemies.
Potions cannot restore your health.
You are immune to rotting.


Message History

You closely miss Natasha. You bite Natasha, but do no damage.
Natasha is severely wounded.
Natasha claws you.
* * * LOW HITPOINT WARNING * * *
You hit Natasha but do no damage.
Natasha is severely wounded.
The shadow imp hits you.
* * * LOW HITPOINT WARNING * * *
Natasha claws you!
* * * LOW HITPOINT WARNING * * *
You barely miss Natasha.
Natasha is severely wounded.
The shadow imp closely misses you. Natasha claws you.
Elyvilon protects you from harm! You block the shadow imp's attack.
You hit Natasha. Your bite misses Natasha.
Natasha is severely wounded.
Natasha hisses.
Natasha closely misses you. The shadow imp hits you.
You die...

#.......###
#######..........
#.....#.......... ######
#.....#..........
......##.....#..........
.......#.....#####......
.......#.....#####.#####
......h#.....##.........
......5@.........#.###..
......##................
.................#####..
........#..............'..
#.........#.....##########..
#.........#.....# #..
.......8........###### #..
#.##..........#...)....# ###
#.#...8.....8...######.# #


You could see Natasha and a shadow imp.

Vanquished Creatures
  Menkaure (D:4)
  An ogre (D:4)
  A scorpion (D:4)
  A crimson imp (D:4)
  2 orc priests (D:4)
  A hound (D:4)
  A centaur skeleton (D:4)
  Natasha (D:4)
  4 adders
  2 oozes (D:3)
  6 worms
  3 dart slugs (D:2)
  2 leopard geckos
  3 orcs (D:4)
  4 giant cockroaches
  6 hobgoblins
  4 jackals
  4 quokkas
  A ball python (D:4)
  8 bats
  8 frilled lizards
  3 goblins
  7 kobolds
  8 rats
82 creatures vanquished.

Vanquished Creatures (others)
  5 toadstools (D:1)
5 creatures vanquished.

Grand Total: 87 creatures vanquished

Notes
Turn   | Place    | Note
-------+----------+-------------------------------------------
     0 | D:1      | zishaf the Vine Stalker Transmuter began the quest for the
                  | Orb.
     0 | D:1      | Reached XP level 1. HP: 9/9 MP: 4/4
    35 | D:1      | Reached skill level 1 in Fighting
   212 | D:1      | Reached XP level 2. HP: 10/14 MP: 4/6
  1142 | D:2      | Reached XP level 3. HP: 18/18 MP: 7/7
  1858 | D:2      | Gained mutation: Your natural rate of healing is unusually
                  | fast. [Vine Stalker growth]
  1858 | D:2      | Reached XP level 4. HP: 23/23 MP: 8/8
  2418 | D:2      | Learned a level 2 spell: Sticks to Snakes
  2687 | D:3      | Found a faded altar of an unknown god.
  2894 | D:3      | Became a worshipper of Elyvilon the Healer
  2894 | D:3      | Reached * piety under Elyvilon
  3151 | D:4      | Noticed an ogre
  3197 | D:4      | Reached XP level 5. HP: 16/27 MP: 3/9
  3451 | D:4      | Reached XP level 6. HP: 12/32 MP: 5/10
  3630 | D:4      | Learned a level 5 spell: Blade Hands
  3704 | D:4      | Found Paczae's Antique Armour Shop.
  3706 | D:4      | Noticed Menkaure
  3718 | D:4      | Killed Menkaure
  3718 | D:4      | Reached XP level 7. HP: 17/37 MP: 7/11
  3784 | D:4      | Reached ** piety under Elyvilon
  3977 | D:4      | Noticed Natasha
  3995 | D:4      | Killed Natasha
  4082 | D:4      | Noticed Natasha
  4101 | D:4      | Elyvilon protects you from harm!
  4102 | D:4      | Slain by a shadow imp

Vault maps used:
D:1:      wander_arrival_lonely_grave, minmay_gold_behind_fungi
D:2:      minmay_tromino_i4
D:3:      first_ration, chequers_ecumenical_altar_simple, st_stairs_11
D:4:      serial_shops, nicolae_shop_competitors_out_of_business,
          kennysheep_doodads, kennysheep_generic_room_15, uniq_natasha,
          uniq_menkaure

Skill      XL: |  1  2  3  4  5  6  7 |
---------------+----------------------+-----
Fighting       | 1 2 3 4 |  4.0
Dodging        | 2 |  2.9
Transmutations | 3 4 |  4.6
Unarmed Combat | 4 |  4.2
Shields        | |  0.8
Spellcasting   | |  2.1

Action                   |  1- 3 |  4- 6 |  7- 9 || total
-------------------------+-------+-------+-------++-------
Melee: Unarmed           |    71 |   263 |    47 ||   381
       Bite              |    22 |    74 |     9 ||   105
       Punch             |     1 |       |       ||     1
 Fire: Hunting sling     |    33 |    76 |     3 ||   112
  Use: Potion            |     1 |       |       ||     1
 Stab: Sleeping          |     3 |     1 |       ||     4
  Eat: Chunk             |     3 |     6 |       ||     9
Armor: Robe              |     3 |       |       ||     3
       Leather armour    |    11 |    75 |     2 ||    88
Dodge: Dodged            |    41 |   163 |    25 ||   229
Block: Buckler           |       |    21 |     5 ||    26

Table legend:
 A = Non-vault XP
 B = Vault XP
 C = Vault XP percentage of total XP
 D = Non-vault monster count
 E = Vault monster count
 F = Vault count percentage of total count
                 A         B        C        D         E       F
            +---------+---------+-------+---------+---------+-------
      Total |     589 |     231 |  28.2 |      71 |      11 |  13.4
            +---------+---------+-------+---------+---------+-------
        D:1 |      19 |       2 |   9.5 |      12 |       1 |   7.7
        D:2 |      78 |      15 |  16.1 |      30 |       3 |   9.1
        D:3 |      40 |       6 |  13.0 |      14 |       4 |  22.2
        D:4 |     452 |     208 |  31.5 |      15 |       3 |  16.7
            +---------+---------+-------+---------+---------+-------
